 Dungeon Crawl Stone Soup version 0.25.1-2-g60ff931df9 (webtiles) character file.

Game seed: 2306133922034426961

261 hawla the Conjurer (level 5, 0/40 HPs)
             Began as a Draconian Conjurer on Nov 9, 2020.
             Slain by Grinder (4 damage)
             ... on level 3 of the Dungeon.
             The game lasted 00:10:30 (3211 turns).

hawla the Conjurer (Draconian Conjurer)             Turns: 3211, Time: 00:10:31

Health: 0/40       AC:  7    Str: 11    XL:     5   Next: 96%
Magic:  0/10       EV: 13    Int: 16    God:
Gold:   111        SH:  0    Dex: 11    Spells: 4/11 levels left

rFire    . . .     SeeInvis .   (no weapon)
rCold    . . .     Gourm    .   (no shield)
rNeg     . . .     Faith    .   (armour unavailable)
rPois    .         Spirit   .   (helmet restricted)
rElec    .         Reflect  .   (no cloak)
rCorr    .         Harm     .   (no gloves)
MR       .....                  f - +1 pair of boots
Stlth    ++........             k - amulet of the acrobat
HPRegen  0.13/turn              h - +4 ring of slaying
MPRegen  0.12/turn              (no ring)

@: brilliant
A: unfitting armour, cold-blooded, AC +5
a: no special abilities


You were on level 3 of the Dungeon.
You were not hungry.

You visited 1 branch of the dungeon, and saw 3 of its levels.

You collected 111 gold pieces.

Inventory:

Missiles
 l - 28 poisoned darts (quivered)
Armour
 f - a +1 pair of boots (worn)
Jewellery
 h - a +4 ring of slaying (left hand)
 k - an amulet of the acrobat (around neck)
Wands
 n - a wand of digging (4)
Scrolls
 a - a scroll of identify
 g - a scroll of remove curse
Potions
 e - a potion of ambrosia
 m - a potion of haste {unknown}
Comestibles
 b - 4 rations
 o - a chunk of flesh


   Skills:
 + Level 1.1 Fighting
 + Level 2.8 Dodging
 + Level 2.6 Stealth
 + Level 3.5 Spellcasting
 + Level 5.4 Conjurations


You had 4 spell levels left.
You knew the following spells:

 Your Spells              Type           Power        Failure   Level  Hunger
a - Magic Dart            Conj           ####         1%          1    None
b - Searing Ray           Conj           ####..       3%          2    None
c - Iskenderun's Mystic   Conj/Tloc      ###.....     50%         4    None

Your spell library contained the following spells:

 Spells                   Type           Power        Failure   Level  Hunger
 Dazzling Flash           Conj/Hex       ###...       17%         3    None
 Fulminant Prism          Conj/Hex       ###.......   50%         4    None


Dungeon Overview and Level Annotations

Branches:
Dungeon (3/15)

Altars:
Ru

Annotations:
D:3 Grinder


Innate Abilities, Weirdness & Mutations

Your plain brown scales are hard. (AC +5)
You cannot fit into any form of body armour.
You are cold-blooded and may be slowed by cold attacks.


Message History

Grinder is severely wounded.
Grinder blinks!
Casting: Magic Dart (safe; 1% risk of failure)
Confirm with . or Enter, or press ? or * to list all spells.
Aiming: Magic Dart (safe; 1% risk of failure)
Press: ? - help, Shift-Dir - straight line, f/p - Grinder
Aim: Grinder (severely wounded)
The magic dart hits Grinder.
Grinder is severely wounded.
You barely miss Grinder. You tail-slap Grinder.
Grinder is severely wounded.
Grinder says, "DUCK!"
Grinder hits you.
* * * LOW HITPOINT WARNING * * *
You writhe in agony.
* * * LOW HITPOINT WARNING * * *
It was a potion of brilliance.
You feel clever all of a sudden. Grinder hits you.
You die...

....... #####§########
.......# #...§)..#
.....#.# #.......#
.....#.# #.#.......#
.....#.## .#.#####'###
........# ..#.#####.###
........#...#.##......#
............#.##......#
.......#.#.##.##@5....#
.......#.#.#..........#
######.#...#....#.....#
#.##..#.##)#.....#
#.##..#..#.#.....#
#....>...#.#######
##########.# #.# #.#


You could see Grinder.

Vanquished Creatures
  Sigmund (D:2)
  3 adders
  An ooze (D:3)
  3 worms (D:2)
  A dart slug (D:1)
  4 bats
  3 giant cockroaches
  7 hobgoblins
  14 jackals
  6 kobolds
  2 quokkas (D:2)
  A ball python (D:3)
  3 frilled lizards
  6 goblins
  3 rats
58 creatures vanquished.

Notes
Turn   | Place    | Note
-------+----------+-------------------------------------------
     0 | D:1      | hawla the Draconian Conjurer began the quest for the Orb.
     0 | D:1      | Reached XP level 1. HP: 14/14 MP: 3/3
    85 | D:1      | You fall into a shaft and drop 1 floor!
    85 | D:2      | Found a sacrificial altar of Ru.
    86 | D:2      | Noticed Sigmund
   339 | D:1      | Reached XP level 2. HP: 20/20 MP: 1/5
  1093 | D:1      | Reached XP level 3. HP: 26/26 MP: 3/6
  1653 | D:1      | Learned a level 2 spell: Searing Ray
  2120 | D:2      | Reached XP level 4. HP: 25/34 MP: 0/7
  2278 | D:2      | Reached skill level 5 in Conjurations
  2412 | D:2      | Killed Sigmund
  2412 | D:2      | Reached skill level 1 in Fighting
  2412 | D:2      | Reached XP level 5. HP: 40/40 MP: 0/10
  2973 | D:2      | Learned a level 4 spell: Iskenderun's Mystic Blast
  3130 | D:3      | Noticed Grinder
  3161 | D:3      | Paralysed by Grinder for 4 turns
  3183 | D:3      | Paralysed by Grinder for 5 turns
  3211 | D:3      | Slain by Grinder

Illustrated notes

Levels and vault maps discovered:
D:1:      grunt_arrival_crossed_arrows, layout_basic
D:2:      layout_loops_ring, nicolae_overflow_hidden_temple, uniq_sigmund
D:3:      layout_basic, lemuel_round_altar, uniq_grinder

Skill      XL: |  1  2  3  4 |
---------------+-------------+-----
Stealth        | 2 |  2.6
Dodging        | 2 |  2.8
Conjurations   | 5 |  5.4
Fighting       | 1 |  1.1
Spellcasting   | 3 |  3.5

Action                   |  1- 3 |  4- 6 || total
-------------------------+-------+-------++-------
Melee: Unarmed           |    57 |    29 ||    86
       Tailslap          |     4 |     1 ||     5
 Cast: Magic Dart        |    69 |    23 ||    92
       Searing Ray       |     5 |    15 ||    20
Evoke: Wand              |       |     1 ||     1
  Use: Scroll            |       |     4 ||     4
       Potion            |       |     3 ||     3
  Eat: Chunk             |     5 |     5 ||    10
Armor: Skin              |    29 |    35 ||    64
Dodge: Dodged            |    54 |    64 ||   118
